 Dungeon Crawl Stone Soup version 0.29.1-1-gd02db6906a (webtiles) character file.

Game seed: 13586788934601524590

97 mcbry74 the Trooper (level 4, -15/48 HPs)
             Began as an Ogre Gladiator on Oct 10, 2022.
             Was a Follower of Sif Muna.
             Demolished by Menkaure (19 damage)
             ... on level 4 of the Dungeon.
             The game lasted 00:06:45 (2500 turns).

mcbry74 the Trooper (Ogre Gladiator)                Turns: 2500, Time: 00:06:46

Health: -15/48     AC:  3    Str: 18    XL:     4   Next: 68%
Magic:  5/5        EV: 10    Int: 11    God:    Sif Muna [*.....]
Gold:   135        SH:  0    Dex: 10    Spells: 4/5 levels left

rFire   . . .      SeeInvis .   a - +0 quarterstaff
rCold   . . .      Faith    .   (shield currently unavailable)
rNeg    . . .      Spirit   .   b - +0 robe
rPois   .          Reflect  .   c - +0 hat
rElec   .          Harm     .   (no cloak)
rCorr   .          Rampage  .   (gloves unavailable)
Will    .....                   (boots unavailable)
Stlth   +.........              r - amulet of magic regeneration
HPRegen 0.16/turn               g - ring of flight
MPRegen 0.49/turn               (no ring)

@: flying
A: large, unfitting armour, tough skin 1
a: Renounce Religion, Channel Magic


You were on level 4 of the Dungeon.
You worshipped Sif Muna.
Sif Muna was aware of your devotion.
You visited 1 branch of the dungeon, and saw 4 of its levels.

You collected 135 gold pieces.

Inventory:

Hand Weapons
 a - a +0 quarterstaff (weapon)
Missiles
 e - 6 large rocks (quivered)
 f - 11 stones
Armour
 b - a +0 robe (worn)
 c - a +0 hat (worn)
Jewellery
 g - a ring of flight (left hand)
 r - an amulet of magic regeneration (around neck)
Scrolls
 j - 5 scrolls of identify {unknown}
 k - a scroll of enchant weapon {unknown}
 l - a scroll of vulnerability {unknown}
 n - 3 scrolls of immolation {unknown}
 p - a scroll of acquirement {unknown}
Potions
 h - a potion of berserk rage {unknown}
 i - 2 potions of heal wounds {unknown}
 m - a potion of invisibility {unknown}
 o - a potion of lignification {unknown}
 q - a potion of mutation {unknown}
 s - a potion of haste {unknown}
 t - a potion of resistance {unknown}


   Skills:
 + Level 4.0 Fighting
 + Level 3.8 Staves
 + Level 3.0 Throwing
 - Level 2.6 Dodging
 + Level 1.2 Spellcasting
 + Level 0.0 Air Magic


You had 4 spell levels left.
You knew the following spells:

 Your Spells              Type           Power      Damage    Failure   Level
a - Shock                 Conj/Air       0%         1d3       32%         1

Your spell library contained the following spells:

 Spells                   Type           Power      Damage    Failure   Level
 Swiftness                Air            0%         N/A       67%         3
 Airstrike                Air            0%         2d(0-16)  97%         4
 Anguish                  Hex/Necr       0%         N/A       97%         4
 Fulminant Prism          Conj/Hex       0%         3d6       97%         4
 Leda's Liquefaction      Hex/Erth       0%         N/A       97%         4
 Discord                  Hex            0%         N/A       100%        8


Dungeon Overview and Level Annotations

Branches:
Dungeon (3/15)

Altars:
Sif Muna

Annotations:
D:4 Menkaure


Innate Abilities, Weirdness & Mutations

You are too large for most types of armour.
You have tough skin. (AC +1)


Message History

Menkaure barely misses you.
Throw: throwing net
Press: ? - help, Q - select action, (/) - cycle Shift-Dir - straight line, f - Menkaure
Aim: Menkaure (74% to hit)
You throw a throwing net.
The throwing net barely misses Menkaure.
You barely miss Menkaure. Menkaure hits you!
You hit Menkaure but do no damage. Menkaure barely misses you.
You hit Menkaure.
Menkaure is lightly damaged.
Menkaure hits you.
You sock Menkaure!
Menkaure is moderately damaged.
Menkaure misses you.
You sock Menkaure!
Menkaure is severely damaged.
Menkaure calls on the powers of darkness!
Your body is wracked with pain!
You hit Menkaure but do no damage.
Menkaure is severely damaged.
Menkaure misses you.
You closely miss Menkaure.
Menkaure is severely damaged.
You barely miss Menkaure.
Menkaure is severely damaged.
Menkaure casts a spell at you. Pain shoots through your body!
* * * LOW HITPOINT WARNING * * *
You barely miss Menkaure.
Menkaure is severely damaged.
Menkaure hits you!
* * * LOW HITPOINT WARNING * * *
You hit Menkaure but do no damage.
Menkaure is severely damaged.
Menkaure calls on the powers of darkness!
You feel a surge of unholy energy.
You hit Menkaure.
Menkaure is almost destroyed.
Menkaure hits you!!
You die...

##
#.###
#.#M##
#.#@#
## #.##
#.###.#
#.#.##
#.#.#
##.#.##
#.###.#
##.#.##
#.#.#


You could see Menkaure.

Vanquished Creatures
  Terence (D:3)
  An adder (D:3)
  A worm (D:3)
  A dart slug (D:1)
  2 orcs
  6 endoplasms
  2 giant cockroaches
  7 goblins
  5 hobgoblins
  2 jackals (D:2)
  4 quokkas
  5 ball pythons
  3 bats (D:1)
  A frilled lizard (D:2)
  5 kobolds
  5 rats
51 creatures vanquished.

Notes
Turn   | Place    | Note
-------+----------+-------------------------------------------
     0 | D:1      | mcbry74 the Ogre Gladiator began the quest for the Orb.
     0 | D:1      | Reached XP level 1. HP: 22/22 MP: 1/1
   240 | D:1      | Reached skill level 3 in Fighting
   240 | D:1      | Reached XP level 2. HP: 26/31 MP: 2/2
  1159 | D:2      | Reached XP level 3. HP: 37/37 MP: 3/3
  1716 | D:2      | Got the Directory of Jinxing
  1873 | D:2      | Found a faded altar of an unknown god.
  1878 | D:2      | Prayed at the altar of an unknown god.
  1878 | D:2      | Became a worshipper of Sif Muna the Loreminder
  1878 | D:2      | Reached * piety under Sif Muna
  2017 | D:3      | Noticed Terence
  2027 | D:3      | Killed Terence
  2028 | D:3      | Reached XP level 4. HP: 41/48 MP: 3/5
  2111 | D:3      | Reached skill level 4 in Fighting
  2111 | D:3      | Reached skill level 1 in Spellcasting
  2373 | D:3      | Learned a level 1 spell: Shock
  2403 | D:3      | You are sucked into a shaft and drop 1 floor!
  2488 | D:4      | Noticed Menkaure
  2500 | D:4      | Demolished by Menkaure

Illustrated notes

Levels and vault maps discovered:
D:1:      dpeg_arrival_signposts, layout_loops_ring
D:2:      layout_loops_cross, shapermc_ecumenical_altar_hornbeckon
D:3:      layout_basic, cheibrodos_sewer_entry_bend, uniq_terence
D:4:      layout_basic, mainiacjoe_overflow_small_starburst, serial_shops,
          nicolae_shop_trees, chequers_big_river, reono_crystal_passage,
          roderic_roman_lattice, solitary_fountain, uniq_menkaure, uniq_grinder,
          uniq_eustachio

Skill      XL: |  1  2  3  4 |
---------------+-------------+-----
Fighting       | 3 4 |  4.0
Throwing       | 3 |  3.0
Spellcasting   | 1 |  1.2
Staves         | |  3.8
Dodging        | |  2.6

Action                   |  1- 3 |  4- 6 || total
-------------------------+-------+-------++-------
Melee: Quarterstaff      |   106 |    40 ||   146
Throw: Stone             |    12 |       ||    12
       Throwing net      |     3 |     1 ||     4
 Stab: Sleeping          |     2 |     1 ||     3
Armor: Robe              |    42 |     6 ||    48
Dodge: Dodged            |    45 |    15 ||    60
